 Dungeon Crawl Stone Soup version 0.31.0-9-g3a7656b989 (webtiles) character file.

Game seed: 7616312164789022914

147 qw the Ducker (level 5, 0/27 HPs)
             Began as a Spriggan Hunter on Feb 2, 2024.
             Succumbed to an adder's poison
             ... on level 4 of the Dungeon.
             The game lasted 00:00:07 (2598 turns).

qw the Ducker (Spriggan Hunter)                     Turns: 2598, Time: 00:00:07

Health: 0/27       AC:  1    Str:  7    XL:     5   Next: 7%
Magic:  5/5        EV: 20    Int: 11    God:
Gold:   31         SH:  0    Dex: 20    Spells: 4/4 levels left

rFire   . . .        a - +0 shortbow
rCold   . . .        (shield currently unavailable)
rNeg    . . .        c - +0 robe
rPois   .            (helmet restricted)
rElec   .            (no cloak)
rCorr   .            (gloves unavailable)
SInv    +            (boots unavailable)
Will    .....        (no amulet)
Stlth   ++           (no ring)
HPRegen 0.24/turn    (no ring)
MPRegen 0.09/turn

%: no passive effects
@: lethally poisoned (0 -> -1), about to teleport, very quick
A: very small, no large weapons, unfitting armour, see invisible, speed 3,
deformed body, low MP 2, mutation resistance 1
a: no special abilities


You were on level 4 of the Dungeon.
You visited 1 branch of the dungeon, and saw 4 of its levels.

You collected 135 gold pieces.
You spent 104 gold pieces at shops.


Innate Abilities, Weirdness & Mutations

You are very small and have problems with some larger weapons.
You are too small for most types of armour.
You have supernaturally acute eyesight. (SInv)
You cover ground extremely quickly. (Speed+++)
Armour fits poorly on your strangely shaped body.
Your magical capacity is very low. (-20% MP)
You are somewhat resistant to further mutation.


   Skills:
 - Level 2.3 Fighting
 + Level 5.0 Ranged Weapons
 - Level 5.1 Dodging
 - Level 1.5 Stealth


You had 4 spell levels left.
You didn't know any spells.
Your spell library was empty.

Inventory:

Hand Weapons
 a - a +0 shortbow (weapon)
Armour
 c - a +0 robe (worn)
Wands
 j - a wand of flame (24)
Scrolls
 b - 3 scrolls of teleportation
Potions
 f - a potion of resistance
 g - a potion of cancellation
 h - a potion of brilliance {unknown}
 k - a potion of mutation
 l - 2 potions of enlightenment

Dungeon Overview and Level Annotations

Branches:
Dungeon (4/15)
 Temple: D:4-7

Altars:
Trog

Shops:
D:3 ?


Message History

The goblin misses you.
You shoot an arrow. The arrow closely misses the goblin.
The goblin hits you with a +0 dagger.
You shoot an arrow. The arrow hits the goblin.
The goblin is severely wounded.
The goblin barely misses you.
You shoot an arrow. The arrow hits the goblin.
You kill the goblin!
An adder comes into view.
A hound comes into view.
2589 ||| RETREEEEATING.
You shoot an arrow. The arrow closely misses the hound.
The hound misses you. The hound bites you.
You shoot an arrow.
The arrow hits the hound but does no damage.
The hound barely misses you.
You shoot an arrow.
The arrow hits the hound but does no damage.
The hound bites you. The hound closely misses you.
You shoot an arrow. The arrow hits the hound!
The hound is severely wounded.
The hound closely misses you. The hound completely misses you.
You shoot an arrow. The arrow hits the hound!
You kill the hound!
The adder closely misses you. The hound bites you.
Your Fighting skill increases to level 2!
You have reached level 5!
You feel clever.
You shoot an arrow. The arrow closely misses the hound.
The adder completely misses you. The hound misses you.
You shoot an arrow. The arrow hits the hound!
The hound is heavily wounded.
The hound completely misses you. The adder bites you.
You are poisoned.
The adder poisons you! The adder bites you. The hound closely misses you.
You shoot an arrow. The arrow closely misses the hound.
You feel sick. The hound misses you. The adder bites you.
The hound barely misses you.
2598 ||| READING 4 scrolls of teleportation.
As you read the scroll of teleportation, it crumbles to dust.
You feel strangely unstable.
You die...

...........# #.#
...........# #<#
.%.........# #.#
...........# #.#
...........# #.#
#.........# #.#
.#.........# #.#
.......Sh..#########.#
h.?...)#@............#
.......#<#############
.......#.# ...#####.#
## #.# #.# #.# #.#


You could see a hound and an adder.

Vanquished Creatures
  A hound (D:4)
  7 adders
  3 dart slugs
  A ribbon worm (D:2)
  An orc (D:3)
  2 endoplasms
  3 giant cockroaches
  6 goblins
  4 hobgoblins
  5 kobolds
  3 quokkas
  7 ball pythons
  2 bats
  3 rats
48 creatures vanquished.

Notes
Turn   | Place    | Note
-------+----------+-------------------------------------------
     0 | D:1      | qw the Spriggan Hunter began the quest for the Orb.
     0 | D:1      | Reached XP level 1. HP: 10/10 MP: 2/2
     0 | D:1      | 0 ||| qw: Version: 0.3-a-155-g5e7d8dd
     0 | D:1      | 0 ||| qw: Game counter: 2802
     0 | D:1      | 0 ||| qw: Melee chars always use a shield: true
     0 | D:1      | 0 ||| qw: God list: Okawaru
     0 | D:1      | 0 ||| qw: Allow faded altars: false
     0 | D:1      | 0 ||| qw: Do Orc after clearing Dungeon:15 true
     0 | D:1      | 0 ||| qw: Do second Lair branch before Depths: true
     0 | D:1      | 0 ||| qw: Lair rune preference: random
     0 | D:1      | 0 ||| qw: Goals: Normal
     0 | D:1      | 0 ||| PLANNING D:1-11
   103 | D:1      | Reached skill level 3 in Dodging
   137 | D:1      | Reached XP level 2. HP: 14/14 MP: 3/3
   817 | D:1      | 817 ||| READING 2 scrolls labelled ERU UPNOTO.
   818 | D:1      | 818 ||| READING scroll labelled LABAUMPEST.
   823 | D:1      | 823 ||| DRINKING 2 lumpy pink potions.
   824 | D:1      | 824 ||| DROPPING scroll of butterflies.
   825 | D:1      | 825 ||| DROPPING scroll of revelation.
   960 | D:2      | Reached XP level 3. HP: 10/18 MP: 4/4
  1567 | D:2      | Reached XP level 4. HP: 22/22 MP: 5/5
  1730 | D:2      | 1730 ||| READING scroll labelled EPROLY ZAEJA.
  1731 | D:2      | 1731 ||| READING scroll labelled INELUCSIMOS.
  1731 | D:2      | 1731 ||| IDENTIFYING metallic emerald potion
  1732 | D:2      | 1732 ||| READING scroll labelled VUCSOOL WIGO.
  1732 | D:2      | 1732 ||| ENCHANTING +0 shortbow.
  1733 | D:2      | 1733 ||| DRINKING 2 puce potions.
  1733 | D:2      | Gained mutation: Armour fits poorly on your strangely
                  | shaped body. [potion of mutation]
  1733 | D:2      | Gained mutation: Your magical capacity is low. (-10% MP)
                  | [potion of mutation]
  1733 | D:2      | Gained mutation: Your magical capacity is very low. (-20%
                  | MP) [potion of mutation]
  1733 | D:2      | Gained mutation: You are somewhat resistant to further
                  | mutation. [potion of mutation]
  1734 | D:2      | 1734 ||| DRINKING 2 clear potions.
  1735 | D:2      | 1735 ||| DROPPING potion of magic.
  1973 | D:3      | Found The Oracle's Delphic Readings.
  1977 | D:3      | 1977 ||| BUYING scroll of identify (26 gold).
  1977 | D:3      | Bought a scroll of identify for 26 gold pieces
  1977 | D:3      | 1977 ||| BUYING scroll of teleportation (39 gold).
  1977 | D:3      | Bought a scroll of teleportation for 39 gold pieces
  1977 | D:3      | 1977 ||| BUYING scroll of teleportation (39 gold).
  1977 | D:3      | Bought a scroll of teleportation for 39 gold pieces
  2252 | D:3      | Found a bloodstained altar of Trog.
  2529 | D:3      | 2529 ||| READING scroll of identify.
  2529 | D:3      | 2529 ||| IDENTIFYING sedimented coppery potion
  2530 | D:3      | 2530 ||| READING scroll labelled TIMPE HOESCHI.
  2589 | D:4      | 2589 ||| RETREEEEATING.
  2595 | D:4      | Reached XP level 5. HP: 9/27 MP: 5/5
  2597 | D:4      | HP: 5/27 [poisoned by an adder]
  2597 | D:4      | HP: 1/27 [adder (4)]
  2598 | D:4      | 2598 ||| READING 4 scrolls of teleportation.
  2598 | D:4      | Succumbed to an adder's poison

Levels and vault maps discovered:
D:1:      eino_arrival_tree_alley, layout_basic, minmay_crystal_water
D:2:      layout_basic, serial_curves, eino_curves_03, eino_curves_02
D:3:      layout_loops_cross, lightli_temple_of_fire,
          nicolae_nh_oracle_at_delphi
D:4:      layout_basic, uniq_duvessa, uniq_crazy_yiuf_cottage, uniq_pikel

Skill      XL: |  1  2  3  4 |
---------------+-------------+-----
Dodging        | 3 4 5 |  5.1
Ranged Weapons | 5 |  5.0
Fighting       | 2 |  2.3
Stealth        | |  1.5

Action                     |  1- 3 |  4- 6 || total
---------------------------+-------+-------++-------
   Fire: Shortbow          |    77 |    72 ||   149
    Use: Scroll            |     2 |     6 ||     8
         Potion            |     1 |     2 ||     3
 Armour: Robe              |     3 |    19 ||    22
  Dodge: Dodged            |    16 |    31 ||    47

Table legend:
 A = Non-vault XP
 B = Vault XP
 C = Vault XP percentage of total XP
 D = Non-vault monster count
 E = Vault monster count
 F = Vault count percentage of total count
                 A         B        C        D         E       F
            +---------+---------+-------+---------+---------+-------
      Total |     206 |       4 |   1.9 |      46 |       2 |   4.2
            +---------+---------+-------+---------+---------+-------
        D:1 |      31 |       0 |   0.0 |      16 |       0 |   0.0
        D:2 |      70 |       0 |   0.0 |      13 |       0 |   0.0
        D:3 |      59 |       4 |   6.3 |      14 |       2 |  12.5
        D:4 |      46 |       0 |   0.0 |       3 |       0 |   0.0
            +---------+---------+-------+---------+---------+-------
